 Dungeon Crawl Stone Soup version 0.31-a0-217-g58bb5d79cf (webtiles) character file.

Game seed: 1040709443068134439

6 qw the Vexing (level 1, -1/12 HPs)
             Began as a Gargoyle Hexslinger on July 3, 2023.
             Shot with a sling bullet by a hobgoblin (3 damage)
             ... on level 1 of the Dungeon.
             The game lasted 00:00:05 (88 turns).

qw the Vexing (Gargoyle Hexslinger)                   Turns: 88, Time: 00:00:05

Health: -1/12      AC:  4    Str: 11    XL:     1   Next: 90%
Magic:  2/2        EV: 12    Int: 13    God:
Gold:   12         SH:  0    Dex: 12    Spells: 1/2 levels left

rFire   . . .        a - +1 sling
rCold   . . .        (no shield)
rNeg    + . .        c - +0 robe
rPois   inf          (no helmet)
rElec   +            (no cloak)
rCorr   .            (no gloves)
SInv    .            (no boots)
Will    .....        (no amulet)
Stlth   +            (no ring)
HPRegen 0.22/turn    (no ring)
MPRegen 0.08/turn

%: no passive effects
@: no status effects
A: sickness immunity, AC +2, negative energy resistance 1, electricity
resistance, torment resistance 1, petrification resistance
a: no special abilities


You were on level 1 of the Dungeon.
You visited 1 branch of the dungeon, and saw 1 of its levels.

You collected 12 gold pieces.


Innate Abilities, Weirdness & Mutations

You are immune to sickness and miasma.
Your stone body is resilient. (AC +2)
You are immune to poison.
You resist negative energy. (rN+)
You are resistant to electric shocks. (rElec)
You are resistant to unholy torment.
You are immune to petrification.


   Skills:
 - Level 1.1 Fighting
 + Level 2.6 Ranged Weapons
 - Level 1.5 Dodging
 - Level 1.0 Spellcasting
 - Level 2.6 Hexes


You had one spell level left.
You knew the following spells:

 Your Spells              Type           Power      Damage    Failure   Level
a - Slow                  Hex            28%        N/A       10%         1

Your spell library contained the following spells:

 Spells                   Type           Power      Damage    Failure   Level
 Inner Flame              Hex/Fire       4%         N/A       43%         3
 Portal Projectile        Hex/Tloc       8%         N/A       43%         3
 Cause Fear               Hex            3%         N/A       67%         4

Inventory:

Hand Weapons
 a - a +1 sling (weapon)
Armour
 c - a +0 robe (worn)
Scrolls
 b - a scroll of poison
 e - a scroll of identify {unknown}
Potions
 d - a potion of lignification {unknown}

Dungeon Overview and Level Annotations

Branches:
Dungeon (1/15)

Altars:


Message History

The bat hits you. The bat closely misses you.
You shoot a sling bullet.
The sling bullet closely misses the bat.
The bat completely misses you. The bat closely misses you.
The bat barely misses you.
You shoot a sling bullet.
The sling bullet hits the bat but does no damage.
The bat is heavily wounded.
The bat hits you but does no damage.
You shoot a sling bullet. The sling bullet hits the bat.
You kill the bat!
You see here a bat corpse.
e - a scroll labelled NEKATUN URIOPT
Enter note:
Found a plate armour.
Enter note: A hobgoblin comes into view.
It is wielding a +0 sling.
You shoot a sling bullet.
The sling bullet barely misses the hobgoblin.
The hobgoblin shouts!
The hobgoblin shoots a sling bullet.
The sling bullet misses you.
The hobgoblin shoots a sling bullet.
The sling bullet hits you.
80 ||| FLEEEEING.
81 ||| STILL FLEEEEING.
Enter note:
82 ||| STILL FLEEEEING.
You see here a +0 dagger.
Enter note:
83 ||| STILL FLEEEEING.
You start resting.
A hobgoblin is nearby!
You shoot a sling bullet. The sling bullet hits the hobgoblin.
The hobgoblin is heavily wounded.
The hobgoblin shoots a sling bullet.
The sling bullet hits you.
86 ||| FLEEEEING.
87 ||| FLEEEEING.
The hobgoblin shoots a sling bullet.
The sling bullet hits you.
88 ||| FLEEEEING.
The hobgoblin shoots a sling bullet.
The sling bullet hits you.
You die...

##...#####..# .# ##.....##
##.######.# ##.......##
#.##.....#
##.........###.##.....#
#...........##.##.....#
.....~~~.....#.##.....#
....~...~....#.%#.....#
....~.<.~....##%%.....#
....~...~....###@.....#
.....~~~....?# #......####
#...........## #.........######
##.........#####..............#
##.......## #..>...).........+
##.....## ####.............#
##...## ######........+
##g......# #.......#


You could see a hobgoblin.

Vanquished Creatures
  A ball python (D:1)
  A bat (D:1)
  A giant cockroach (D:1)
  A goblin (D:1)
  A rat (D:1)
5 creatures vanquished.

Notes
Turn   | Place    | Note
-------+----------+-------------------------------------------
     0 | D:1      | qw the Gargoyle Hexslinger began the quest for the Orb.
     0 | D:1      | Reached XP level 1. HP: 12/12 MP: 2/2
     0 | D:1      | 0 ||| qw: Version: 0.3-a-40-ge99b1a8
     0 | D:1      | 0 ||| qw: Game counter: 294
     0 | D:1      | 0 ||| qw: Melee chars always use a shield: true
     0 | D:1      | 0 ||| qw: God list: Okawaru
     0 | D:1      | 0 ||| qw: Allow faded altars: false
     0 | D:1      | 0 ||| qw: Do Orc after clearing Dungeon:15 true
     0 | D:1      | 0 ||| qw: Do second Lair branch before Depths: true
     0 | D:1      | 0 ||| qw: Lair rune preference: random
     0 | D:1      | 0 ||| qw: Goals: Normal
     0 | D:1      | 0 ||| PLANNING D:1-11
    80 | D:1      | 80 ||| FLEEEEING.
    86 | D:1      | 86 ||| FLEEEEING.
    87 | D:1      | 87 ||| FLEEEEING.
    87 | D:1      | HP: 1/12 [hobgoblin/sling bullet (5)]
    88 | D:1      | 88 ||| FLEEEEING.
    88 | D:1      | Shot with a sling bullet by a hobgoblin

Levels and vault maps discovered:
D:1:      enne_arrival_octagon_isle, layout_basic

Action                     || total
---------------------------++-------
   Fire: Sling             ||    26
 Armour: Robe              ||     3
  Dodge: Dodged            ||    18

Table legend:
 A = Non-vault XP
 B = Vault XP
 C = Vault XP percentage of total XP
 D = Non-vault monster count
 E = Vault monster count
 F = Vault count percentage of total count
                 A         B        C        D         E       F
            +---------+---------+-------+---------+---------+-------
      Total |       9 |       0 |   0.0 |       5 |       0 |   0.0
            +---------+---------+-------+---------+---------+-------
        D:1 |       9 |       0 |   0.0 |       5 |       0 |   0.0
            +---------+---------+-------+---------+---------+-------
